 Dungeon Crawl Stone Soup version 0.26-a0-863-g3bff4b215c (webtiles) character file.

Game seed: 7677072279723991962

3184 karrick the Cleaver (level 9, -5/68 HPs)
             Began as a Demonspawn Gladiator on Nov 26, 2020.
             Was a Priest of Okawaru.
             Killed from afar by an orc wizard (8 damage)
             ... with a puff of flame
             ... on level 6 of the Dungeon.
             The game lasted 00:09:51 (7689 turns).

karrick the Cleaver (Demonspawn Gladiator)          Turns: 7689, Time: 00:09:52

Health: -5/68      AC:  9    Str: 16    XL:     9   Next: 64%
Magic:  9/9        EV: 15    Int: 11    God:    Okawaru [***...]
Gold:   326        SH:  0    Dex: 15    Spells: 8/8 levels left

rFire    . . .     SeeInvis .   n - +2 hand axe (elec)
rCold    . . .     Faith    .   (no shield)
rNeg     + . .     Spirit   .   b - +0 leather armour
rPois    .         Reflect  .   c - +0 helmet
rElec    .         Harm     .   (no cloak)
rCorr    +         Rampage  .   I - +0 pair of gloves
MR       .....                  (no boots)
Stlth    ++........             (no amulet)
HPRegen  0.21/turn              k - ring of positive energy
MPRegen  0.11/turn              (no ring)

@: no status effects
A: claws 1, yellow scales 3, powered by pain 1, rot immunity
a: Heroism, Renounce Religion


You were on level 6 of the Dungeon.
You worshipped Okawaru.
Okawaru was most pleased with you.
You visited 2 branches of the dungeon, and saw 8 of its levels.

You collected 326 gold pieces.

Inventory:

Hand Weapons
 a - a +0 war axe
 n - a +2 hand axe of electrocution (weapon)
 x - a +1 long sword of venom
 A - the +7 dagger of the Mind {vorpal, *Rage rF+ rN+++, unknown}
   (You found it on level 6 of the Dungeon)

   It inflicts extra damage upon your enemies.
   It protects you from fire.
   It renders you almost immune to negative energy.
   It may make you go berserk in combat.
 H - the +9 whip "Itwy" {drain, rPois MP+9}
   (You took it off a big kobold on level 3 of the Dungeon)

   A truly terrible weapon, it drains the life of those it strikes.
   It protects you from poison.
   It affects your magic capacity (+9).
 J - the +4 whip of Ygazas {distort, MP+9}
   (You took it off a gnoll on level 5 of the Dungeon)

   It warps and distorts space around it.
   Unwielding it can cause banishment or high damage.
   It affects your magic capacity (+9).
Missiles
 d - 3 throwing nets (quivered)
Armour
 b - a +0 leather armour (worn)
 c - a +0 helmet (worn)
 z - a +2 hat
 I - a +0 pair of gloves (worn)
Jewellery
 k - a ring of positive energy (left hand)
Wands
 v - a wand of polymorph (7)
 y - a wand of flame (29)
 C - a wand of acid (8)
Scrolls
 e - 3 scrolls of remove curse
 f - 2 scrolls of enchant armour {unknown}
 g - 2 scrolls of identify {unknown}
 h - 2 scrolls of amnesia {unknown}
 j - 2 scrolls of random uselessness {unknown}
 l - 2 scrolls of teleportation
 m - a scroll of immolation {unknown}
 r - 2 scrolls of noise {unknown}
 s - 2 scrolls of fog
 w - a scroll of magic mapping {unknown}
 B - a scroll of torment {unknown}
 D - a scroll of fear {unknown}
Potions
 i - 2 potions of mutation {unknown}
 o - a potion of invisibility {unknown}
 p - a potion of ambrosia {unknown}
 q - 3 potions of curing
 t - a potion of heal wounds {unknown}
 u - 2 potions of attraction {unknown}
 E - a potion of brilliance {unknown}
 F - a potion of might {unknown}
 G - a potion of berserk rage {unknown}


   Skills:
 + Level 5.6 Fighting
 + Level 9.2 Axes
 - Level 1.7 Throwing
 + Level 3.9 Armour
 + Level 5.5 Dodging
 + Level 3.9 Stealth
 + Level 0.5 Invocations


You had 8 spell levels left.
You didn't know any spells.
Your spell library contained the following spells:

 Spells                   Type           Power        Failure   Level
 Portal Projectile        Hex/Tloc       #.....       77%         3
 Passage of Golubria      Tloc           N/A          99%         4
 Dispersal                Tloc           #.........   100%        6
 Malign Gateway           Summ/Tloc      #.........   100%        7
 Disjunction              Tloc           #.........   100%        8


Dungeon Overview and Level Annotations

Branches:
Dungeon (7/15)             Temple (1/1) D:5

Altars:
Ashenzari
Cheibriados
Dithmenos
Fedhas
Gozag
Hepliaklqana
Kikubaaqudgha
Okawaru
Ru
Sif Muna
Trog
Uskayaw
Xom
Yredelemnul
Zin

Portals:
Abyss: D:5


Innate Abilities, Weirdness & Mutations

You have sharp fingernails.
You are completely covered in yellow scales. (AC +4, rCorr)
You sometimes gain a little power by taking damage.
You are immune to rotting.


Message History

The orc wizard barely misses you.
The orc warrior hits you from afar with a +0 glaive!
* * * LOW HITPOINT WARNING * * *
You climb upwards.
There is a stone staircase leading down here.
You hit the orc wizard but do no damage.
The orc wizard closely misses you.
You completely miss the orc wizard.
The orc wizard gestures at you while chanting.
You easily resist.
You hit the orc wizard.
The orc wizard is heavily wounded.
The orc wizard misses you.
You hit the orc wizard.
The orc wizard is severely wounded.
You hit the orc wizard.
The orc wizard is almost dead.
The orc wizard gestures at you while chanting.
The puff of flame hits you!
You die...

#.......########...)).#
######.............[...
#.#....(###...[..# #.#.###.#
#......# #.#.# #.# #.......
#.#.# #.# #[####.# ##'#.# #.#
#.# #.#
#######o...###.###.####.#
#....##.@................
#####....##....#######.......
#........''.(..# ######.(
#.###....##....#############.
#.# #[...#####...........#...
#.# #....# ###########.#...
#.###....#####........##.#...
#.....................##.###.
######................##.# ##


You could see an orc wizard.

Vanquished Creatures
  A toenail golem (D:5)
  The ghost of Sun the Insei, an amateur DsGl of Okawaru (D:5)
  Grinder (D:6)
  Sigmund (D:6)
  A water moccasin (D:7)
  2 small abominations (D:5)
  A sky beast (D:5)
  4 ogres
  2 big kobolds (D:3)
  3 bullfrogs (D:6)
  The ghost of ArcanElement the Magician, an amateur DEWz (D:3)
  A wyvern zombie (D:6)
  A water moccasin skeleton (D:7)
  3 scorpions
  2 howler monkeys
  A jelly (D:5)
  2 hounds (D:5)
  An iron imp (D:5)
  2 orc priests
  3 iguanas
  4 orc wizards
  2 worker ants
  A hound skeleton (D:5)
  3 worker ant zombies
  A gnoll (D:5)
  12 adders
  9 river rats (D:5)
  2 shadow imps
  3 white imps
  An ufetubus (D:7)
  An ooze (D:3)
  2 worms
  A dart slug (D:4)
  4 leopard geckos
  27 orcs
  A ball python (D:1)
  2 giant cockroaches
  6 goblins
  6 hobgoblins
  5 jackals
  14 kobolds
  8 quokkas
  5 bats
  6 frilled lizards
  2 quokka skeletons (D:5)
  27 rats
189 creatures vanquished.

Vanquished Creatures (others)
  2 plants (D:6)
2 creatures vanquished.

Grand Total: 191 creatures vanquished

Notes
Turn   | Place    | Note
-------+----------+-------------------------------------------
     0 | D:1      | karrick the Demonspawn Gladiator began the quest for the
                  | Orb.
     0 | D:1      | Reached XP level 1. HP: 16/16 MP: 1/1
    89 | D:1      | Reached skill level 3 in Axes
    91 | D:1      | Gained mutation: You are partially covered in yellow
                  | scales. (AC +2) [demonic ancestry]
    91 | D:1      | Reached XP level 2. HP: 18/22 MP: 2/2
   875 | D:2      | Reached XP level 3. HP: 22/28 MP: 3/3
  1315 | D:2      | Reached XP level 4. HP: 34/34 MP: 4/4
  1613 | D:3      | Reached skill level 4 in Axes
  1626 | D:3      | Found an iron altar of Okawaru.
  1631 | D:3      | Reached skill level 1 in Armour
  1631 | D:3      | Gained mutation: You are immune to rotting. [demonic
                  | ancestry]
  1631 | D:3      | Reached XP level 5. HP: 31/39 MP: 5/5
  1756 | D:3      | Became a worshipper of Warmaster Okawaru
  1908 | D:3      | Found a runed translucent gate.
  1910 | D:3      | Identified the +9 whip "Itwy" {drain, rPois MP+9}
  1910 | D:3      | Found a runed translucent gate.
  1910 | D:3      | Found a runed translucent gate.
  1913 | D:3      | Noticed ArcanElement's ghost (amateur DEWz)
  2687 | D:4      | Noticed an ogre
  2692 | D:4      | Killed an ogre
  2693 | D:4      | Gained mutation: You have sharp fingernails. [demonic
                  | ancestry]
  2693 | D:4      | Reached XP level 6. HP: 26/47 MP: 6/6
  2912 | D:4      | Found a snail-covered altar of Cheibriados.
  3096 | D:5      | Entered Level 5 of the Dungeon
  3096 | D:5      | Noticed a sky beast
  3117 | D:5      | Killed a sky beast
  3118 | D:5      | Reached skill level 5 in Axes
  3118 | D:5      | Reached skill level 1 in Stealth
  3160 | D:5      | Found a staircase to the Ecumenical Temple.
  3210 | D:5      | Found a sacrificial altar of Ru.
  3216 | D:5      | Reached * piety under Okawaru
  3403 | D:5      | Gained mutation: You are mostly covered in yellow scales.
                  | (AC +3) [demonic ancestry]
  3403 | D:5      | Reached XP level 7. HP: 10/52 MP: 7/7
  4128 | D:5      | Found a transporter.
  4174 | D:5      | Found a transporter.
  4175 | D:5      | Identified the +4 whip of Ygazas {distort, MP+9}
  4175 | D:5      | Noticed Sun's ghost (amateur DsGl)
  4204 | D:5      | Noticed a toenail golem
  4219 | D:5      | Reached skill level 6 in Axes
  4444 | Temple   | Entered the Ecumenical Temple
  4557 | D:6      | Noticed Sigmund
  4762 | D:6      | Killed Sigmund
  4762 | D:6      | Reached ** piety under Okawaru
  4763 | D:6      | Gained mutation: You are completely covered in yellow
                  | scales. (AC +4, rCorr) [demonic ancestry]
  4763 | D:6      | Reached XP level 8. HP: 46/60 MP: 8/8
  4781 | D:6      | Got a scorched dagger
  5046 | D:6      | Found a blossoming altar of Fedhas.
  5057 | D:6      | Noticed Grinder
  5067 | D:6      | Killed Grinder
  5068 | D:6      | Reached skill level 7 in Axes
  6026 | D:6      | Reached skill level 5 in Dodging
  6257 | D:3      | Reached *** piety under Okawaru
  6258 | D:3      | Reached skill level 8 in Axes
  6258 | D:3      | Gained mutation: You sometimes gain a little power by
                  | taking damage. [demonic ancestry]
  6258 | D:3      | Reached XP level 9. HP: 40/66 MP: 9/9
  6268 | D:3      | Killed ArcanElement's ghost
  6504 | D:5      | Found a one-way gate to the infinite horrors of the Abyss.
  6666 | D:5      | Killed a toenail golem
  6667 | D:5      | Reached skill level 5 in Fighting
  6908 | D:5      | Killed Sun's ghost
  7059 | D:5      | Got Lugonu's Compendium of the Compass
  7178 | D:7      | Reached skill level 9 in Axes
  7622 | D:7      | Found a shadowy altar of Dithmenos.
  7683 | D:7      | HP: 2/68 [orc warrior/+0 glaive (15)]
  7689 | D:6      | Killed from afar by an orc wizard

Illustrated notes

Levels and vault maps discovered:
D:1:      dpeg_arrival_short_road, layout_loops_ring
D:2:      layout_rooms
D:3:      layout_loops_ring, old_standard_altar, gammafunk_ghost_nasty_kobolds
D:4:      layout_rooms, kennysheep_slug_shrine
D:5:      lemuel_ratsnest, layout_rooms, nicolae_ru_sacrificial_ziggurat,
          minmay_temple_entry_sparse_star, gammafunk_ghost_abyssal_escape,
          st_stairs_3
D:6:      layout_basic, fedhas_ov_isle_minmay, uniq_sigmund, uniq_grinder
D:7:      layout_rooms, nicolae_overflow_hidden_temple, kennysheep_mini_moat
Temple:   eino_wide_crystal_templ

Skill      XL: |  1  2  3  4  5  6  7  8  9 |
---------------+----------------------------+-----
Axes           | 3 4 5 6 8 9 |  9.2
Dodging        | 3 4 5 |  5.5
Armour         | 1 2 3 |  3.9
Fighting       | 3 4 5 |  5.6
Stealth        | 1 3 |  3.9
Throwing       | |  1.7
Invocations    | |  0.5

Action                   |  1- 3 |  4- 6 |  7- 9 || total
-------------------------+-------+-------+-------++-------
Melee: War axe           |    82 |       |       ||    82
       Hand axe          |     2 |   132 |   346 ||   480
Invok: Heroism           |       |       |     2 ||     2
  Use: Scroll            |       |       |     3 ||     3
       Potion            |       |       |     1 ||     1
 Stab: Sleeping          |     2 |       |     5 ||     7
       Distracted        |       |       |     1 ||     1
Armor: Leather armour    |    26 |    36 |    78 ||   140
Dodge: Dodged            |    75 |    74 |   187 ||   336

Table legend: (Time is in decaauts)
 A = Elapsed time spent in this place.
 B = Non-inter-level travel time spent in this place.
 C = Inter-level travel time spent in this place.
 D = Time resting spent in this place.
 E = Time spent auto-exploring this place.
 F = Levels seen in this place.
 G = Mean time per level.
                   A        B        C        D        E       F      G
               +--------+--------+--------+--------+--------+-----+--------+
         Total |   7718 |   7346 |    372 |    869 |   5279 |   8 |  964.8 |
       Dungeon |   7648 |   7297 |    351 |    869 |   5232 |   7 | 1092.6 |
        Temple |     69 |     48 |     21 |      0 |     47 |   1 |   69.0 |
               +--------+--------+--------+--------+--------+-----+--------+

Top non-repeatable levels by time:
     D:5: 2044 daAuts
     D:6: 1989 daAuts
     D:3: 1249 daAuts
     D:2: 769 daAuts
     D:4: 695 daAuts
     D:1: 694 daAuts
     D:7: 205 daAuts
  Temple: 69 daAuts
